 Dungeon Crawl Stone Soup version 0.18-a0-1347-gb9e2fb4 (webtiles) character file.

9 Reinor the Ducker (level 2, -1/16 HPs)
             Began as a Spriggan Abyssal Knight on Feb 17, 2016.
             Was an Initiate of Lugonu.
             Slain by a jackal (3 damage)
             ... on level 1 of the Dungeon.
             The game lasted 00:02:07 (644 turns).

Reinor the Ducker (Spriggan Abyssal Knight)          Turns: 644, Time: 00:02:07

Health: -1/16      AC:  2    Str:  7 (8)  XL:     2   Next: 6%
Magic:  4/4        EV: 18    Int: 12 (13) God:    Lugonu [......]
Gold:   39         SH:  0    Dex: 15      Spells: 0 memorised, 1 level left

rFire  . . .     SeeInvis +     a - +1 short sword
rCold  . . .     Gourm    .     b - +0 robe
rNeg   . . .     Faith    .     (shield restricted)
rPois  .         Spirit   .     (helmet restricted)
rElec  .         Dismiss  .     (no cloak)
rCorr  .         Reflect  .     (gloves unavailable)
SustAt .         Harm     .     (boots unavailable)
MR     .....                    e - amulet of magic regeneration
Stlth  ++........               (no ring)
                                (no ring)

@: very quick, not resistant to hostile enchantments, unstealthy
A: unfitting armour, see invisible, herbivore 3, speed 3, slow metabolism 2
a: Renounce Religion


You were on level 1 of the Dungeon.
You worshipped Lugonu.
Lugonu was noncommittal.
You were not hungry.

You visited 1 branch of the dungeon, and saw 1 of its levels.
You visited the Abyss 1 time.

You collected 39 gold pieces.

Inventory:

Hand Weapons
 a - a +1 short sword (weapon)
Armour
 b - a +0 robe (worn)
Jewellery
 e - an amulet of magic regeneration (around neck)
Wands
 d - a wand of confusion (16/48)
Potions
 f - a potion of agility
Comestibles
 c - a bread ration


   Skills:
 - Level 2.4 Fighting
 + Level 3.0 Short Blades
 - Level 3.5 Dodging
 + Level 0.4 Stealth
 - Level 1.7 Invocations


You had one spell level left.
You didn't know any spells.

Dungeon Overview and Level Annotations

Branches:
Dungeon (1/15)

Altars:


Innate Abilities, Weirdness & Mutations

You are tiny and cannot use many weapons and most armour.
You have supernaturally acute eyesight.
You are an herbivore.
You cover ground extremely quickly.
You need consume almost no food.


Message History

The jackal is lightly wounded.
The jackal misses you. The jackal bites you.
* * * LOW HITPOINT WARNING * * *
You closely miss the jackal.
The jackal is lightly wounded.
The jackal bites you.
* * * LOW HITPOINT WARNING * * *
You hit the jackal.
The jackal is severely wounded.
The jackal misses you. The jackal completely misses you.
You hit the jackal but do no damage.
The jackal is severely wounded.
The jackal misses you.
You miss the jackal.
The jackal is severely wounded.
The jackal bites you but does no damage.
You hit the jackal but do no damage.
The jackal is severely wounded.
The jackal completely misses you. The jackal bites you.
You die...

###........##.##.#.#
................#.#
###.. #....##.##.#.###
......#..............#
......#..#.##.##.#.###
.......>...........#
....?.........##.#.#
..?.....#####.##h#.#
............#.##@#.#
###..............#.#
#...#######.#..#..##
.....######.........#
.....................#
........###...#####.##
...........# #.#
.....###...# #.# ...
#...# #.#


You could see a jackal.

Vanquished Creatures
  An ooze (D:1)
  3 jackals (D:1)
  A bat (D:1)
5 creatures vanquished.

Notes
Turn   | Place    | Note
--------------------------------------------------------------
     0 | Abyss:1  | Reinor the Spriggan Abyssal Knight began the quest for the Orb.
     0 | Abyss:1  | Reached XP level 1. HP: 11/11 MP: 3/3
   175 | Abyss:2  | Noticed an iron imp
   180 | Abyss:2  | Noticed an ancient zyme
   191 | Abyss:2  | Noticed an orange demon
   211 | Abyss:2  | Noticed a raiju
   220 | Abyss:2  | Noticed a small abomination
   243 | Abyss:3  | Noticed a large abomination
   284 | Abyss:4  | Noticed a thorn hunter
   286 | Abyss:4  | Noticed a dire elephant
   286 | Abyss:4  | Noticed a shambling mangrove
   287 | Abyss:4  | Noticed a rakshasa
   287 | Abyss:4  | Noticed a water elemental
   287 | Abyss:4  | Noticed a water nymph
   287 | Abyss:4  | Noticed a water nymph
   287 | Abyss:4  | Noticed a rakshasa
   289 | Abyss:4  | Noticed a rakshasa
   291 | D:1      | Escaped the Abyss
   630 | D:1      | Reached XP level 2. HP: 8/16 MP: 4/4
   644 | D:1      | Slain by a jackal

Vault maps used:
D:1:      wheals_arrival_linesprint, bh_walls_and_bars
Abyss:1:  abyss_exit_lava
Abyss:3:  evilmike_abyss_rune_curve
Abyss:4:  hangedman_abyss_or_decor_stagger, grunt_abyss_rune_twisted_forest,
          evilmike_abyss_exit_9, hangedman_abyss_sting

Action                   || total
-------------------------++-------
Melee: Short sword       ||    30
Invok: Depart the Abyss  ||     1
  Use: Scroll            ||     1
